 Dungeon Crawl Stone Soup version 0.19.0-11-g3fc08b3 (webtiles) character file.

81 Malachi the Caller (level 4, 0/30 HPs)
             Began as a Vampire Summoner on Nov 10, 2016.
             Slain by an orc warrior
             ... wielding a cursed -1 halberd
              (15 damage)
             ... on level 3 of the Dungeon.
             The game lasted 00:13:27 (5121 turns).

Malachi the Caller (Vampire Summoner)               Turns: 5121, Time: 00:13:27

Health: 0/30       AC:  2    Str:  7    XL:     4   Next: 19%
Magic:  5/8        EV: 16    Int: 18    God:
Gold:   157        SH:  0    Dex: 14    Spells: 3 memorised, 0 levels left

rFire  . . .     SeeInvis +     (no weapon)
rCold  . . .     Gourm    .     a - +0 robe
rNeg   + + .     Faith    .     (no shield)
rPois  .         Spirit   .     (no helmet)
rElec  .         Reflect  .     (no cloak)
rCorr  .         Harm     .     (no gloves)
MR     .....                    (no boots)
Stlth  ++........               (no amulet)
                                l - +4 ring of evasion
                                j - ring of positive energy

@: no status effects
A: fangs 3, see invisible, unbreathing
a: Bat Form


You were on level 3 of the Dungeon.
You were not thirsty.

You visited 1 branch of the dungeon, and saw 3 of its levels.

You collected 157 gold pieces.

Inventory:

Hand Weapons
 r - a +2 dagger of venom
Armour
 a - a +0 robe (worn)
Jewellery
 j - a ring of positive energy (left hand)
 l - a +4 ring of evasion (right hand)
Scrolls
 f - a scroll of enchant weapon
 h - a scroll of immolation
 i - a scroll of magic mapping
 k - 3 scrolls of amnesia
 m - 4 scrolls of identify
Potions
 c - a potion of blood
 g - 2 potions of haste
 n - 2 potions of curing {unknown}
 q - a potion of heal wounds {unknown}
Books
 b - a book of Callings

   Spells                             Type                      Level
   a - Summon Small Mammal            Summoning                    1
   b - Call Imp                       Summoning                    2
   c - Call Canine Familiar           Summoning                    3
   d - Summon Guardian Golem          Hexes/Summoning              3
   e - Summon Lightning Spire         Summoning/Air                4
   f - Summon Ice Beast               Ice/Summoning                4


   Skills:
 + Level 2.1 Dodging
 * Level 3.8 Stealth
 + Level 0.2 Unarmed Combat
 + Level 2.7 Spellcasting
 * Level 5.0 Summonings


You couldn't memorise any spells.
You knew the following spells:

 Your Spells              Type           Power        Failure   Level  Hunger
a - Call Imp              Summ           ###.....     3%          2    ##.....
b - Call Canine Familiar  Summ           ###.....     10%         3    ###....
c - Summon Guardian Gole  Hex/Summ       ##......     21%         3    ###....


Dungeon Overview and Level Annotations

Branches:
Dungeon (3/15)

Altars:


Innate Abilities, Weirdness & Mutations

You have razor-sharp teeth.
You have supernaturally acute eyesight. (SInv)
You can survive without breathing.


Message History

Your crimson imp closely misses the leopard gecko.
Your white imp misses the leopard gecko.
The leopard gecko hisses menacingly.
The leopard gecko misses you.
Your crimson imp barely misses the leopard gecko.
Your white imp gestures at the leopard gecko.
The puff of frost hits the leopard gecko.
The leopard gecko dies!
You start resting.
Something hits your crimson imp!
You start resting.
Something hits your crimson imp!!
Your crimson imp dies!
You start resting.
Something barely misses your white imp.
You swap places.
The orc warrior hits you from afar with a halberd!
The orc warrior hits you from afar with a halberd!
Ouch! That really hurt!
You die...

#..## #.######.......... ##.#.##
#.# ##.%.......
######.###.#####.#######.#.##...#
...)..## ##........oo....#.###...
##.###.###.######.########.# ####
#.# ##.#......##.## #.# #.#
##.#####.#.o.### #.# #.#
##.....55.#...# #o# ##.#
#.####.#@..#.# #.# ...# #.#
#.##.##o# #.# #### #.# #.# .##.#
#o# #.# #.# .##.# #.# #.# #..
.##.# #.# #.##########.#####.#
#.#......o...o.....#
#............#######
..(.[....##########


You could see an orc warrior and 2 friendly white imps.

Vanquished Creatures
  A leopard gecko (D:1)
  A goblin (D:3)
  A frilled lizard (D:3)
3 creatures vanquished.

Vanquished Creatures (collateral kills)
  4 adders
  An ooze (D:1)
  A worm (D:2)
  3 dart slugs
  3 leopard geckos
  5 orcs
  8 bats
  4 giant cockroaches
  7 goblins
  9 hobgoblins
  5 quokkas
  4 ball pythons
  5 frilled lizards
  5 kobolds
  7 rats
71 creatures vanquished.

Grand Total: 74 creatures vanquished

Notes
Turn   | Place    | Note
-------+----------+-------------------------------------------
     0 | D:1      | Malachi the Vampire Summoner began the quest for the Orb.
     0 | D:1      | Reached XP level 1. HP: 13/13 MP: 3/3
   432 | D:1      | Reached XP level 2. HP: 19/19 MP: 1/5
  1387 | D:2      | Reached XP level 3. HP: 24/24 MP: 0/6
  2660 | D:3      | Learned a level 3 spell: Call Canine Familiar
  3763 | D:3      | Reached XP level 4. HP: 30/30 MP: 5/8
  3773 | D:3      | Learned a level 3 spell: Summon Guardian Golem
  3784 | D:3      | Noticed an orc warrior
  4133 | D:3      | HP: 1/30 [orc warrior/halberd (4)]
  4510 | D:3      | Reached skill level 5 in Summonings
  5043 | D:2      | Learned a level 2 spell: Call Imp
  5121 | D:3      | Slain by an orc warrior

Skill      XL: |  1  2  3  4 |
---------------+-------------+-----
Summonings     | 5 |  5.0
Dodging        | |  2.1
Stealth        | |  3.8
Unarmed Combat | |  0.2
Spellcasting   | |  2.7

Action                   |  1- 3 |  4- 6 || total
-------------------------+-------+-------++-------
Melee: Unarmed           |    11 |     3 ||    14
 Cast: Summon Small Mamm |   120 |       ||   120
       Call Canine Famil |    16 |    12 ||    28
       Call Imp          |       |     3 ||     3
       Summon Guardian G |       |     2 ||     2
 Abil: End Transformatio |       |     2 ||     2
       Bat Form          |       |     2 ||     2
  Use: Potion            |     1 |       ||     1
       Scroll            |       |     9 ||     9
  Eat: Corpse            |    10 |     4 ||    14
Armor: Robe              |    14 |       ||    14
Dodge: Dodged            |    62 |    11 ||    73
